 Dungeon Crawl Stone Soup version 0.23-a0-554-gd3cbc84 (webtiles) character file.

461 ilii the Caller (level 6, -3/51 HPs)
             Began as a Deep Elf Summoner on Dec 10, 2018.
             Was an Initiate of Sif Muna.
             Slain by a manticore (13 damage)
             ... on level 6 of the Dungeon.
             The game lasted 00:28:40 (5361 turns).

ilii the Caller (Deep Elf Summoner)                 Turns: 5361, Time: 00:28:41

Health: -3/51      AC: 23    Str:  9    XL:     6   Next: 79%
Magic:  2/13       EV:  2    Int: 22    God:    Sif Muna [......]
Gold:   356        SH:  7    Dex: 18    Spells: 2/12 levels left

rFire    . . .     SeeInvis .   (no weapon)
rCold    + . .     Gourm    .   p - +2 buckler
rNeg     + + +     Faith    .   (armour currently unavailable)
rPois    +         Spirit   .   (helmet currently unavailable)
rElec    .         Reflect  .   (cloak currently unavailable)
rCorr    .         Harm     .   (gloves currently unavailable)
MR       .....     NoTele   +   (boots currently unavailable)
Stlth    ++........             (no amulet)
HPRegen  0.17/turn              t - +4 ring of strength
MPRegen  0.13/turn              r - ring "Oreecoli" {rC+ Dex+3}

@: tree-form, barbed spikes, berserk cooldown, slowed, very slow
A: no striking features
a: Renounce Religion


You were on level 6 of the Dungeon.
You worshipped Sif Muna.
Sif Muna was noncommittal.
You were not hungry.
You were a tree.
You visited 1 branch of the dungeon, and saw 6 of its levels.

You collected 356 gold pieces.

Inventory:

Armour
 a - a +0 robe (melded)
 b - a +0 pair of boots (melded)
 n - a +0 pair of gloves (melded)
 p - a +2 buckler (worn)
Jewellery
 o - an uncursed ring of magical power
 r - the ring "Oreecoli" (right branch) {rC+ Dex+3}
   (You found it on level 5 of the Dungeon)

   [ring of protection from cold]

   It affects your dexterity (+3).
   It protects you from cold.
 t - a +4 ring of strength (left branch)
Scrolls
 e - a scroll of teleportation
 f - 8 scrolls of remove curse
 h - 2 scrolls of amnesia
 j - 2 scrolls of enchant weapon
 k - a scroll of identify
 u - a scroll of noise {unknown}
Potions
 d - a potion of heal wounds
 g - 3 potions of brilliance
 i - 3 potions of curing
 l - 3 potions of flight
 m - a potion of cancellation
Comestibles
 c - 14 rations


   Skills:
 - Level 1.4 Fighting
 - Level 3.3 Dodging
 - Level 2.4 Stealth
 * Level 2.9 Shields
 - Level 3.9 Spellcasting
 + Level 6.0 Summonings
 + Level 2.6 Air Magic


You had 2 spell levels left.
You knew the following spells:

 Your Spells              Type           Power        Failure   Level  Hunger
a - Summon Small Mammal   Summ           ####         1%          1    None
b - Blink                 Tloc           N/A          19%         2    #......
e - Summon Lightning Spi  Summ/Air       ###.....     21%         4    ####...
s - Call Canine Familiar  Summ           ####....     3%          3    ###....

Your spell library contained the following spells:

 Spells                   Type           Power        Failure   Level  Hunger
 Call Imp                 Summ           ####....     1%          2    #......
 Magic Dart               Conj           #...         13%         1    None
 Slow                     Hex            #.......     19%         2    #......
 Summon Guardian Golem    Hex/Summ       ###.....     11%         3    ###....
 Mephitic Cloud           Conj/Pois/Air  #.......     26%         3    ###....
 Summon Ice Beast         Ice/Summ       ###.....     34%         4    ####...
 Conjure Flame            Conj/Fire      #.......     36%         3    ###....


Dungeon Overview and Level Annotations

Branches:
Dungeon (6/15)             Temple (0/1) D:5

Altars:
Ashenzari
Dithmenos
Sif Muna

Shops:
D:4 }


Message History

Your hound barely misses the manticore.
Okay, then.
Casting: Summon Small Mammal (safe; 1% risk of failure)
Confirm with . or Enter, or press ? or * to list all spells.
You don't have enough magic to cast that spell.
Your hound barely misses the manticore.
The manticore flicks its tail.
The volley of spikes hits you!
The barbed spikes become lodged in your body.
* * * LOW HITPOINT WARNING * * *
Your hound bites the manticore but does no damage. x2
You barely miss the manticore.
The manticore is moderately wounded.
Your hound bites the manticore but does no damage.
The manticore bites you but does no damage.
The manticore claws you but does no damage.
The manticore claws you.
* * * LOW HITPOINT WARNING * * *
Your hound bites the manticore.
The manticore bites you!
You die...

##........†......#
#............
##.............##
###..........
#............##
####.......
##.§§.###...## #######.
##...##.....## ##.
##..#.8...8.## ###..
##>.........##
########....
#.....⌠.....#
#.....#...##
#.......hH♣.#
#........###
###.8...8.#.#
##..........#
##.....##.###...........#
##...###.).#..........##
##..# ###)...........#
#..## ###..#......##
###...### ##..##...##
##...(...### ##..#####
##.......)..### #...#


You could see a manticore and a friendly hound.

Vanquished Creatures
  A bat (D:3)
1 creature vanquished.

Vanquished Creatures (collateral kills)
  An ogre (D:5)
  3 wights (D:6)
  A howler monkey (D:5)
  A jelly (D:3)
  A bullfrog skeleton (D:6)
  An orc priest (D:5)
  A centaur skeleton (D:4)
  2 hounds
  3 orc wizards
  An iguana (D:6)
  3 worker ants
  A killer bee zombie (D:6)
  8 adders
  4 gnolls (D:6)
  2 oozes (D:5)
  An adder skeleton (D:6)
  A worm (D:2)
  2 dart slugs
  3 leopard geckos
  24 orcs
  11 bats
  8 giant cockroaches
  10 goblins
  6 hobgoblins
  2 jackals (D:6)
  3 quokkas
  A ball python (D:2)
  3 frilled lizards
  A giant cockroach zombie (D:6)
  2 jackal skeletons
  4 kobolds
  A leopard gecko skeleton (D:3)
  8 rats
124 creatures vanquished.

Grand Total: 125 creatures vanquished

Notes
Turn   | Place    | Note
-------+----------+-------------------------------------------
     0 | D:1      | ilii the Deep Elf Summoner began the quest for the Orb.
     0 | D:1      | Reached XP level 1. HP: 10/10 MP: 6/6
   326 | D:1      | Reached XP level 2. HP: 14/15 MP: 5/8
   898 | D:2      | Reached XP level 3. HP: 20/20 MP: 6/9
   903 | D:2      | Learned a level 3 spell: Call Canine Familiar
  1489 | D:3      | Found a shadowy altar of Dithmenos.
  1545 | D:3      | Reached skill level 1 in Fighting
  1576 | D:3      | Reached skill level 5 in Summonings
  1593 | D:3      | Learned a level 2 spell: Blink
  1955 | D:3      | Reached XP level 4. HP: 25/25 MP: 9/11
  1961 | D:3      | Learned a level 4 spell: Summon Lightning Spire
  2397 | D:3      | Found a deep blue altar of Sif Muna.
  2410 | D:3      | Became a worshipper of Sif Muna the Loreminder
  2645 | D:4      | Reached skill level 1 in Air Magic
  2752 | D:4      | Found Kabic's Gadget Boutique.
  2880 | D:4      | Found a shattered altar of Ashenzari.
  2912 | D:4      | Reached XP level 5. HP: 29/29 MP: 12/12
  3307 | D:5      | Entered Level 5 of the Dungeon
  3313 | D:5      | Reached skill level 1 in Shields
  3455 | D:5      | Found a staircase to the Ecumenical Temple.
  3597 | D:5      | Got a bound ivory ring
  3772 | D:5      | Noticed an ogre
  3791 | D:5      | Killed an ogre
  3791 | D:5      | Reached XP level 6. HP: 34/34 MP: 13/13
  3814 | D:5      | Identified the ring "Oreecoli" {rC+ Dex+3} (You found it on
                  | level 5 of the Dungeon)
  4329 | D:6      | Noticed an orc warrior
  4348 | D:6      | Noticed a manticore
  5204 | D:6      | Reached skill level 6 in Summonings
  5361 | D:6      | Slain by a manticore

Vault maps used:
D:1:      eino_arrival_druids_welcome
D:3:      lemuel_round_altar, lemuel_crystal_altar
D:4:      minmay_wonky_spiral, first_ration, serial_shops, nicolae_shop_stone,
          evilmike_ruin_ashenzari
D:5:      temple_fountains
D:6:      wad_floor_pattern_untrapped, hex_tiny

Skill      XL: |  1  2  3  4  5  6 |
---------------+-------------------+-----
Fighting       | 1 |  1.4
Dodging        | 3 |  3.3
Summonings     | 5 6 |  6.0
Air Magic      | 1 2 |  2.6
Shields        | 2 |  2.9
Stealth        | |  2.4
Spellcasting   | |  3.9

Action                   |  1- 3 |  4- 6 || total
-------------------------+-------+-------++-------
Melee: Unarmed           |     5 |    15 ||    20
 Cast: Summon Small Mamm |    86 |    85 ||   171
       Call Canine Famil |     7 |    42 ||    49
       Blink             |       |     2 ||     2
  Use: Scroll            |     1 |    16 ||    17
       Potion            |       |     2 ||     2
 Stab: Distracted        |       |     2 ||     2
  Eat: Chunk             |     4 |     6 ||    10
       Ration            |       |     2 ||     2
Armor: Robe              |    11 |     9 ||    20
       Skin              |       |     2 ||     2
Dodge: Dodged            |    51 |    38 ||    89
Block: Buckler           |       |    24 ||    24

Table legend:
 A = Non-vault XP
 B = Vault XP
 C = Vault XP percentage of total XP
 D = Non-vault monster count
 E = Vault monster count
 F = Vault count percentage of total count
                 A         B        C        D         E       F
            +---------+---------+-------+---------+---------+-------
      Total |     642 |      17 |   2.6 |     124 |       1 |   0.8
            +---------+---------+-------+---------+---------+-------
        D:1 |      23 |       0 |   0.0 |      22 |       0 |   0.0
        D:2 |      32 |       0 |   0.0 |      17 |       0 |   0.0
        D:3 |     105 |       0 |   0.0 |      36 |       0 |   0.0
        D:4 |      46 |      17 |  27.0 |      12 |       1 |   7.7
        D:5 |     159 |       0 |   0.0 |      10 |       0 |   0.0
        D:6 |     277 |       0 |   0.0 |      27 |       0 |   0.0
            +---------+---------+-------+---------+---------+-------
